Cogmind - Beta 14 @@@ ROGUE MODE // 2025.03.19 @ 21:04:33 Player: shockman27 Result: Destroyed by 1E-39S(R) with Subdweller Machine Gun Performance ------------- Evolutions (0) 0 Regions Visited (2) 400 Robots Destroyed (29) 145 Value Destroyed (588) 588 Prototype IDs (4) 80 Alien Tech Used (0) 0 Bonus (0) 0 TOTAL SCORE: 1213 Bonus ------- None Cogmind --------- Core Integrity 0/250 Matter 288/300 Energy 230/250 System Corruption 0% Temperature Cool (0) Movement Walking (190) Ox1 Location -10/Subcaves Parts ------- > --- POWER (1) -------- Ion Engine > --- PROPULSION (2) --- Aluminum Leg Aluminum Leg > --- UTILITY (2) ------ Large Storage Unit Signal Interpreter > --- WEAPON (2) ------- Subdweller Laser Heavy Battle Rifle > --- INVENTORY (15) --- Ion Engine Aluminum Leg Aluminum Leg Improved Heat Sink High-capacity Matter Pod (200) Weight Redist. System Subdweller Optics Targeting Computer Medium Armor Plating Medium Armor Plating Hacking Suite Particle Gun Assault Rifle Shotgun Plasma Cutter Peak State ------------ > --- POWER ------------ Ion Engine > --- PROPULSION ------- Aluminum Leg Aluminum Leg > --- UTILITY ---------- Large Storage Unit Signal Interpreter > --- WEAPON ----------- Particle Gun Heavy Battle Rifle > --- INVENTORY -------- Ion Engine Aluminum Leg Aluminum Leg Improved Heat Sink High-capacity Matter Pod Weight Redist. System Targeting Computer Medium Armor Plating Medium Armor Plating Hacking Suite Beam Cannon Assault Rifle Shotgun Shotgun Plasma Cutter [Rating: 13] Favorites ----------- Power Ion Engine Engine Ion Engine Propulsion Aluminum Leg Treads Light Treads Leg Aluminum Leg Utility Signal Interpreter Device Weight Redist. System Storage Medium Storage Unit Processor Signal Interpreter Weapon Assault Rifle Energy Gun Small Laser Ballistic Gun Assault Rifle Build | -11 -10 -10 ------- Run | Yrd Mat Sub Slots Evolved . | . . . Power . | . . . Propulsion . | . . . Utility . | . . . Weapon . | . . . Parts Attached 33 | 7 23 3 Power 6 | 2 4 . Engine 6 | 2 4 . Core . | . . . Reactor . | . . . Propulsion 11 | 2 8 1 Treads 2 | 2 . . Leg 9 | . 8 1 Wheel . | . . . Hover . | . . . Flight . | . . . Utility 8 | 1 7 . Device 2 | . 2 . Storage 5 | 1 4 . Processor 1 | . 1 . Hackware . | . . . Protection . | . . . Artifact . | . . . Weapon 8 | 2 4 2 Energy Gun 4 | 1 2 1 Energy Cannon . | . . . Ballistic Gun 4 | 1 2 1 Ballistic Cannon . | . . . Launcher . | . . . Special Weapon . | . . . Impact Weapon . | . . . Slashing Weapon . | . . . Piercing Weapon . | . . . Special Melee Weapon . | . . . Unidentified Prototypes . | . . . Parts Lost 1 | . 1 . Power . | . . . Propulsion . | . . . Utility . | . . . Weapon 1 | . 1 . Highest Loss Streak 1 | . 1 . To Critical Strikes . | . . . Average Slot Usage (%) 97 | . 97 100 Engine 13 | . 13 14 Treads 3 | . 4 . Leg 24 | . 23 28 Device 2 | . 2 . Storage 14 | . 14 14 Processor 10 | . 9 14 Energy Gun 14 | . 14 14 Ballistic Gun 13 | . 13 14 Peak Build Rating 13 | 6 10 13 Average Rating 8 | 4 8 12 On Entrance 5 | . 6 10 Naked Turns . | . . . Heaviest Build 33 | 11 30 33 Greatest Support 40 | 40 40 20 Greatest Overweight (x) 2 | . 1 2 Average Overweight (x) . | . . 1 Largest Inventory Capacity 15 | 8 15 15 Average Capacity 10 | 7 10 15 Most Carried 15 | 4 15 15 Average Carried 10 | 2 10 14 Final Capacity 15 | 8 15 15 Final Carried 15 | 4 15 15 Class Distribution -------------------- 53% | Mutant 46% | Scavenger-Mutant Dominant Class ---------------- Mutant | -10/Materials Scavenger-Mutant | -10/Subcaves Resources | -11 -10 -10 ----------- Run | Yrd Mat Sub Matter Collected 1059 | 217 809 33 Remotely . | . . . Salvage Created 914 | . 914 . Parts 66 | . 66 . Haulers Intercepted 2 | . 2 . Recyclers Shooed 2 | . 2 . Parts Field Recycled . | . . . Retrieved Matter . | . . . Parts Self-Destructed 8 | . . 8 Prevented . | . . . Kills | -11 -10 -10 ------- Run | Yrd Mat Sub Combat Hostiles Destroyed 21 | . 21 . Guns 21 | . 21 . Classes Destroyed 8 | . 8 . Worker 1 | . 1 . Builder 1 | . 1 . Hauler 2 | . 2 . Recycler 1 | . 1 . Operator 1 | . 1 . Watcher 2 | . 2 . Swarmer 9 | . 9 . Grunt 12 | . 12 . Best Kill Streak 6 | . 6 . Combat Bots Only 3 | . 3 . Max Kills in Single Turn 2 | . 2 . Gunslinging 1 | . 1 . Exploded . | . . . Melee . | . . . Uniques/NPCs Destroyed . | . . . Combat | -11 -10 -10 -------- Run | Yrd Mat Sub Hostile Shots Fired 101 | . 98 3 Missed 24 | . 24 . Damage Taken 1027 | . 791 236 Core 251 | . 126 125 Absorbed by Shields . | . . . Regen/Repaired (Parts) 74 | . 74 . Core Remaining (%) 100 | 100 . . Volleys Fired 95 | . 90 5 Largest 2 | . 2 2 Hottest 93 | . 85 93 Shots Fired 186 | . 176 10 Gun 186 | . 176 10 Cannon . | . . . Launcher . | . . . Special . | . . . Kinetic 95 | . 90 5 Thermal 91 | . 86 5 Explosive . | . . . Electromagnetic . | . . . Robot Hit Streak 8 | . 8 5 Robot Miss Streak 3 | . 3 1 Penetration Max . | . . . Secondary Targets 2 | . 2 . Max Gunslinging Chain 1 | . 1 . Shots Hit Robots 105 | . 100 5 Core Hits 48 | . 46 2 Critical Kills 1 | . 1 . Critical Parts Destroyed 1 | . 1 . Critical Strikes 2 | . 2 . Destroy 2 | . 2 . Melee Attacks . | . . . Impact . | . . . Slashing . | . . . Piercing . | . . . Sneak Attacks . | . . . Combat Hostiles . | . . . Follow-up Attacks . | . . . Damage Inflicted 1355 | . 1251 104 Guns 1338 | . 1234 104 Cannons . | . . . Explosions . | . . . Melee . | . . . Ramming 17 | . 17 . Kinetic 779 | . 714 65 Thermal 559 | . 520 39 Explosive . | . . . Electromagnetic . | . . . Impact . | . . . Slashing . | . . . Piercing . | . . . Highest Corruption . | . . . Average Corruption . | . . . Corruption Purged . | . . . Corruption Blocked . | . . . Overload Shots . | . . . Overflow Damage . | . . . Projectiles . | . . . Explosions . | . . . Melee . | . . . Knockbacks . | . . . Impact . | . . . Kinetic . | . . . Secondary . | . . . Self-Inflicted Damage . | . . . Shots . | . . . Rammed . | . . . Targets Rammed 2 | . 2 . Kicked 2 | . 2 . Crushed . | . . . Highest Temperature 123 | . 123 . Average Temperature 35 | . 35 . Received Heat Transfer 306 | . 306 . Siege Activations . | . . . Robots Corrupted . | . . . Combat Hostiles . | . . . Parts Fried . | . . . Impact Corruptions . | . . . Robots Melted . | . . . Combat Hostiles . | . . . Parts Melted 1 | . 1 . Heat Transferred 1319 | . 1269 50 Parts Sabotaged . | . . . Parts Stolen . | . . . Parts Stripped . | . . . Power Chain Reactions . | . . . Alert | -11 -10 -10 ------- Run | Yrd Mat Sub Peak Influence 206 | . 206 . Initial . | . . . Average 69 | . 71 . Maximum Alert Level 1 | . 1 . Low Security (%) 99 | 100 99 . Level 1 . | . . . Level 2 . | . . . Level 3 . | . . . Level 4 . | . . . Level 5 . | . . . High Security . | . . . Max Security . | . . . Squads Dispatched 4 | . 4 . Investigation 3 | . 3 . Extermination . | . . . Reinforcement 1 | . 1 . Assault . | . . . Garrison . | . . . Intercept . | . . . Searches Triggered . | . . . Construction Impeded . | . . . Haulers Reinforced . | . . . Active Scanning Responses . | . . . Cargo Convoy Interrupts . | . . . Stealth | -11 -10 -10 --------- Run | Yrd Mat Sub Distress Signals 2 | . 2 . Communications Jammed . | . . . Distress Signals . | . . . Times Spotted 39 | . 35 4 Peak Tracking Total 4 | . 4 3 Tactical Retreats . | . . . Traps | -11 -10 -10 ------- Run | Yrd Mat Sub Traps Triggered 5 | . 2 3 Indirectly . | . . . Trap Hack Attempts . | . . . Triggered . | . . . Disarmed 3 | . 3 . Reprogrammed . | . . . Reused . | . . . Traps Extracted . | . . . Installed . | . . . Triggered . | . . . Machines | -11 -10 -10 ---------- Run | Yrd Mat Sub Machines Disabled . | . . . Max in Single Turn . | . . . Machines Repaired . | . . . Machines Dismantled . | . . . Machines Sabotaged . | . . . Overloaded Fab Kills . | . . . Hacking | -11 -10 -10 --------- Run | Yrd Mat Sub Machines Accessed 8 | . 8 . Terminals 7 | . 7 . Fabricators . | . . . Repair Stations 1 | . 1 . Recycling Units . | . . . Scanalyzers . | . . . Garrison Access . | . . . Total Hacks 21 | . 21 . Successful 13 | . 13 . Failed 8 | . 8 . Catastrophic 5 | . 5 . Database Lockouts . | . . . Manual 3 | . 3 . Terminals 17 | . 17 . Fabricators . | . . . Repair Stations 4 | . 4 . Recycling Units . | . . . Scanalyzers . | . . . Garrison Access . | . . . Terminal Hacks 9 | . 9 . Prototype ID Bank 2 | . 2 . Emergency Access Points 1 | . 1 . Alert Level 1 | . 1 . Disarm Traps 1 | . 1 . Dispatch Records 2 | . 2 . Hauler Manifests 1 | . 1 . Zone Layout 1 | . 1 . Fabricator Hacks . | . . . Repair Station Hacks 4 | . 4 . Scan Component 2 | . 2 . Repair 2 | . 2 . Recycling Unit Hacks . | . . . Scanalyzer . | . . . Garrison Access Hacks . | . . . Unauthorized Hacks . | . . . Terminals . | . . . Fabricators . | . . . Repair Stations . | . . . Recycling Units . | . . . Scanalyzers . | . . . Garrison Access . | . . . Data Cores Recovered 1 | . 1 . Used . | . . . Hacking Detections 6 | . 6 . Full Trace Events 3 | . 3 . Feedback Events . | . . . Feedback Blocked . | . . . Robot Schematics Acquired . | . . . Robots Built . | . . . Authchips . | . . . Time . | . . . Total Robot Build Rating . | . . . Part Schematics Acquired . | . . . Parts Built . | . . . Authchips . | . . . Time . | . . . Total Part Build Rating . | . . . Parts Repaired 2 | . 2 . Time 52 | . 52 . Parts Recycled . | . . . Recycled Matter . | . . . Retrieved Matter . | . . . Retrieved Components . | . . . Parts Scanalyzed . | . . . Part Schematics Acquired . | . . . Parts Damaged . | . . . Bothacking | -11 -10 -10 ------------ Run | Yrd Mat Sub Used RIF Installer . | . . . Robots Hacked . | . . . Non-combat . | . . . Combat . | . . . Robot Hacks Applied . | . . . Relay Couplers Released . | . . . Fabnet Peak Effective % . | . . . Robots Rewired . | . . . Allies Hacked . | . . . Hacks Repelled . | . . . Allies | -11 -10 -10 -------- Run | Yrd Mat Sub Total Allies . | . . . Largest Group . | . . . Highest-Rated Group . | . . . Highest-Rated Ally . | . . . Total Orders . | . . . Ally Attacks . | . . . Total Damage . | . . . Kills . | . . . Allies Corrupted . | . . . Allies Melted . | . . . Intel | -11 -10 -10 ------- Run | Yrd Mat Sub Robot Analysis Total . | . . . Derelict Logs Recovered . | . . . Drone Launches . | . . . Drone Recoveries . | . . . Exploration | -11 -10 -10 ------------- Run | Yrd Mat Sub Turns Passed 3213 | 116 2821 276 Spaces Moved 1920 | 75 1713 132 Core 16 | 16 . . Treads 264 | 59 205 . Legs 1640 | . 1508 132 Wheels . | . . . Hover . | . . . Flight . | . . . Fastest Speed 50 | 50 120 190 Average Speed 139 | 136 135 190 Slowest Speed 260 | 160 190 260 Overloaded Moves . | . . . Propulsion Burnouts . | . . . Robots Hopped . | . . . Cave-ins Triggered . | . . . Exploration Rate (%) 37 | 4 100 8 Regions Visited 2 Branch Regions 1 Pre-discovered Areas . | . . . Known Exits Taken 1 | . 1 . Unknown Exits Taken 1 | 1 . . Scrap Searched 2 | . . 2 Spaces Dug . | . . . Terrain Destroyed . | . . . Melee . | . . . Projectile . | . . . AOE . | . . . Terrain Rammed . | . . . Walls Destroyed . | . . . Machines Disabled . | . . . Actions | -11 -10 -10 --------- Run | Yrd Mat Sub Total 2277 | 85 2043 149 Wait 158 | . 157 1 Move 1918 | 74 1712 132 Hop . | . . . Pick Up 35 | 4 28 3 Fast Attach 12 | 6 4 2 Attach 3 | . 3 . Detach 1 | . 1 . Swap 18 | 1 16 1 Drop 32 | . 27 5 Fire 95 | . 90 5 Melee . | . . . Ram . | . . . Kick 2 | . 2 . Crush . | . . . Escape Stasis . | . . . Rewire 3 | . 3 . Trap . | . . . Miscellaneous . | . . . Route ------- -11/Scrapyard -10/Materials (discovered 6 exits: *Mat x3 / *Min x2 / *Sub) -10/Subcaves History --------- Turn | Location | Event 19 | -11/Scrapyard | Discovered new exit (range 14) 117 | -11/Scrapyard | Entered Materials 308 | -10/Materials | Build established: Mutant 715 | -10/Materials | Discovered new exit (range 16) 833 | -10/Materials | Discovered new exit (range 15) 960 | -10/Materials | Discovered new exit (range 8) 995 | -10/Materials | Identified exit to Subcaves 1158 | -10/Materials | Discovered new exit (range 11) 1170 | -10/Materials | Identified exit to Mines 1368 | -10/Materials | Discovered new exit (range 7) 1380 | -10/Materials | Identified exit to Materials 2040 | -10/Materials | Repaired Assault Rifle 2069 | -10/Materials | Repaired Ion Engine 2370 | -10/Materials | Discovered exit to Materials (range 7) 2374 | -10/Materials | Build established: Scavenger-Mutant 2833 | -10/Materials | Core integrity fell below 50% 2938 | -10/Materials | Entered Subcaves 3195 | -10/Subcaves | Core integrity fell below 20% 3208 | -10/Subcaves | Ambushed by swarm of Subdwellers 3214 | -10/Subcaves | Destroyed by 1E-39S(R) with Subdweller Machine Gun Last Messages --------------- 03040_ Searching scrap... 03040_ Found Sub. Power Source. 03040_ Found 61 Matter. 03041_ Acquired 9 matter. 03063_ Subatomizers dissect the Assault Rifle. 03082_ 95-47J(u) builds Twisted Machinery. 03171_ Triggered Shrapnel Trap. 03171_ An expanding cloud of shrapnel blasts out in all directions. 03186_ Triggered Shrapnel Trap. 03186_ An expanding cloud of shrapnel blasts out in all directions. 03194_ Triggered Piercing Trap. 03194_ Spikes shoot up from the floor. 03194_ Critical hit (Impale). A mess of Twisted Machinery falls from the cavern ceiling. Q0-RYS(R) comes tumbling into view. 03208_ AX-8AA(h): "The Subs are coming!" 03212_ XG-R5O(g): "Sorry we're late! Had another grouchy Sub to deal with. Who's the new fellow?" 03214_ Q0-RYS(R) suffers critical hit (Destroy). 03214_ Q0-RYS(R) knocked back. Map ----- +----------------------------------------------------+ | ????????????????????????????????????????????????? | | ????????????????????????????????????????????????? | | ????????????????????????????????????????????????? | | ????????????????????????????????????????????????? | | ????????????????????????????????????????????????? | | ????????????????????????????????????????????????? | | ????????????????????????????????????????????????? | | ????????????????????????????????????????????????? | | ????????????????????????????????????????????????? | | ????????????????????????????????????????????????? | | ????????????????????????????????????????????????? | | ?????????????????? ????????????????????????????? | | ?????????????????# ##??????????????????????????? | | ?????????????????# ??????????????????????????? | | ????????????????## ?????????????????????????? | | ????????????????? ?????????????????????????? | | ?????????????????# ?????????????????????????? | | ???????????????### #????????????????????????? | | ??????????????## #???????????????????????? | | ??????????????? ##?#####???????????????? | | ????????????????? ## #???????????????? | | ??????????????????? #????????????????? | | ????????????????????? R ??????????????????? | | ??????????????????????# RR ????????????????????? | | ??????????????????????## #?????????????????????? | | ??????????????????????# @##????????????????????? | | ??????????????????????##h #????????????????????? | | ??????????????????????# ##????????????????????? | | ??????????????????????# #????????????????????? | | ??????????????????????# ##????????????????????? | | ??????????????????????## ####??#???????????????? | | ?????????????????????##; # ## # #?????????????? | | ?????????????????????#" ; #??????????????? | | ?????????????????????#" #??????????????? | | ???????????????????### " #??????????????? | | ???????????????????#"" ;"### #??????????????? | | ???????????????????#" ; #?? #??????????????? | | ???????????????????#" g ;###?? ##?????????????? | | ???????????????????#" ;;## ### #?????????????? | | ???????????????????# ;# # #??????????????? | | ???????????????????#" ## #??????????????? | | ??????????????????## ##?????????????? | | ??????????????????# #?????????????? | | ??????????????????# #?????????????? | | ??????????????????# """"" #?????????????? | | ??????????????????# """"" ##?????????????? | | ??????????????????#### """##" #??????????????? | | ??????? #????????????## "###" ##??????????????? | | ???????? ##???????######### #???????????????? | | ????????? ???#?## #### #???????????????? | +----------------------------------------------------+ Best States ------------- Heat Dissipation 25 Energy Generation 10 Energy Capacity 250 Matter Stores 300 Matter Capacity 300 Sight Range 16 Terrain Scan Density 10 Additional Mass Support 6 Evasion (%) 55 Recoil Reduction 2 Item Schematics ----------------- None Robot Schematics ------------------ None Fabricated ------------ Nothing Alien Tech Used ----------------- None Achievements -------------- None Challenges ------------ None Game ------ Seed ComponentConcussiveReplica Manual? 0 Play Time 00:35:43 Cumulative 17.8 hours Start 2025.03.19 @ 10:00:46 End 2025.03.19 @ 21:04:33 Sessions 4 Manual Loads 0 Difficulty Rogue Special Mode None Game No. 9 Rogue 5 Adventurer 4 Explorer 0 Win Type - Total 0 Types 0/0/0/0/0/0/0/0/0 Lore% 6 Gallery% 12 Achievement% 16 Wizard Run 0 Options --------- Layout 0 ASCII 0 Keyboard 1 Movement Vi Keybinds 0 Fullscreen 1 Font 24/Smallcaps Map View 76x50 Zoom Use 0% Tactical HUD 1 Map Filters NONE Filters NONE Steam 1 RUN: a633b67e-0b2b-4c72-ad87-d473d28a5280